 Dungeon Crawl Stone Soup version 0.20.1-1-g8b1a95d (webtiles) character file.

86 Humpert the Slasher (level 4, -1/34 HPs)
             Began as a Demonspawn Gladiator on Oct 12, 2017.
             Slain by a gnoll
             ... wielding a +0 club
              (4 damage)
             ... on level 2 of the Dungeon.
             The game lasted 00:03:35 (2441 turns).

Humpert the Slasher (Demonspawn Gladiator)          Turns: 2441, Time: 00:03:36

Health: -1/34      AC:  4    Str: 16    XL:     4   Next: 27%
Magic:  4/4        EV: 13    Int:  9    God:
Gold:   67         SH:  0    Dex: 14    Spells: 3/3 levels left

rFire    . . .     SeeInvis .   a - +0 long sword
rCold    . . .     Gourm    .   (no shield)
rNeg     . . .     Faith    .   b - +0 leather armour
rPois    .         Spirit   .   c - +0 helmet
rElec    .         Reflect  .   (no cloak)
rCorr    .         Harm     .   (no gloves)
MR       .....                  (no boots)
Stlth    +.........             (no amulet)
Regen    0.2/turn               (no ring)
MPRegen  0.1/turn               (no ring)

@: no status effects
A: claws 1, rot immunity
a: no special abilities


You were on level 2 of the Dungeon.
You were not hungry.

You visited 1 branch of the dungeon, and saw 2 of its levels.

You collected 67 gold pieces.

Inventory:

Hand Weapons
 a - a +0 long sword (weapon)
Missiles
 d - 3 throwing nets (quivered)
Armour
 b - a +0 leather armour (worn)
 c - a +0 helmet (worn)
 n - a +0 helmet
Jewellery
 i - an uncursed ring of protection from fire {unknown}
 m - a cursed ring of loudness {unknown}
Scrolls
 k - a scroll of teleportation {unknown}
 l - 5 scrolls of identify {unknown}
Potions
 e - a potion of magic {unknown}
 g - a potion of might {unknown}
 h - a potion of berserk rage {unknown}
Comestibles
 f - 2 bread rations
 j - 2 royal jellies


   Skills:
 + Level 2.8 Fighting
 + Level 3.6 Long Blades
 - Level 1.8 Throwing
 + Level 1.1 Armour
 + Level 3.1 Dodging


You had 3 spell levels left.
You didn't know any spells.

Dungeon Overview and Level Annotations

Branches:
Dungeon (2/15)

Altars:


Innate Abilities, Weirdness & Mutations

You have sharp fingernails.
You are immune to rotting.


Message History

You have reached level 4!
You feel stronger.
Your demonic ancestry asserts itself...
You feel immune to rotting. The gnoll hits you with a club.
You closely miss the gnoll.
The gnoll is lightly wounded.
The gnoll hits you with a club.
* * * LOW HITPOINT WARNING * * *
You slash the gnoll!
The gnoll is severely wounded.
The gnoll hits you with a club.
* * * LOW HITPOINT WARNING * * *
You slash the gnoll!
You kill the gnoll!
Your Armour skill increases to level 1!
The gnoll barely misses you.
You closely miss the gnoll. The gnoll hits you with a club.
* * * LOW HITPOINT WARNING * * *
You hit the gnoll but do no damage. The gnoll hits you with a club.
You die...

##.....## #.....# #.###<
##.......## ##.##.# #.# #.
#.........####...#.#########.###.
'.........'......................
#.........####...#.#########...##
##.......## ##.##.# ##.##
##.....## ##...# #.# ##...##
#.### ##.# ##+## #@# #..# #g#
#.## #.# #.# #># #.# #.# #.# #.#
#.#### #.# #..... #.# ######


You could see a gnoll.

Vanquished Creatures
  2 gnolls (D:2)
  An adder (D:2)
  An ooze (D:1)
  2 dart slugs (D:2)
  2 leopard geckos (D:1)
  5 bats
  5 goblins (D:1)
  10 hobgoblins
  3 jackals (D:1)
  7 frilled lizards
  6 kobolds
  2 rats
46 creatures vanquished.

Notes
Turn   | Place    | Note
-------+----------+-------------------------------------------
     0 | D:1      | Humpert the Demonspawn Gladiator began the quest for the Orb.
     0 | D:1      | Reached XP level 1. HP: 16/16 MP: 1/1
   242 | D:1      | Gained mutation: You have sharp fingernails. [demonic ancestry]
   242 | D:1      | Reached XP level 2. HP: 14/22 MP: 2/2
   898 | D:1      | Reached XP level 3. HP: 28/28 MP: 3/3
  2436 | D:2      | Gained mutation: You are immune to rotting. [demonic ancestry]
  2436 | D:2      | Reached XP level 4. HP: 19/34 MP: 4/4
  2439 | D:2      | Reached skill level 1 in Armour
  2441 | D:2      | Slain by a gnoll

Skill      XL: |  1  2  3  4 |
---------------+-------------+-----
Long Blades    | 3 |  3.6
Dodging        | 3 |  3.1
Armour         | 1 |  1.1
Fighting       | |  2.8
Throwing       | |  1.8

Action                   |  1- 3 |  4- 6 || total
-------------------------+-------+-------++-------
Melee: Long sword        |   122 |     5 ||   127
 Stab: Sleeping          |     3 |       ||     3
       Distracted        |     1 |       ||     1
  Eat: Bread ration      |     1 |       ||     1
       Chunk             |     1 |       ||     1
Armor: Leather armour    |    26 |       ||    26
Dodge: Dodged            |    76 |     1 ||    77
       Rpst.: Long sword |    24 |       ||    24
